 Dungeon Sprint DCSS version 0.31-a0-844-gdc52ec4e09 (webtiles) character file.

Game seed: 14884729531982706803

10 sircluck the Ruffian (level 2, -2/31 HPs)
             Began as a Troll Berserker on Sept 29, 2023.
             Was a Priest of Trog.
             Slain by a sky beast (6 damage)
             ... in the Dungeon (Sprint VII: "The Pits").
             The game lasted 00:00:14 (123 turns).

sircluck the Ruffian (Troll Berserker)               Turns: 123, Time: 00:00:15

Health: -2/31      AC:  4    Str: 24    XL:     2   Next: 10%
Magic:  1/1        EV: 10    Int:  3    God:    Trog [***...]
Gold:   0          SH:  0    Dex:  9    Spells: 1/1 levels left

rFire   . .          .
                       - Unarmed
rCold   . . .        (no shield)
rNeg    . . .        a - +0 animal skin
rPois   .            (helmet restricted)
rElec   .            (no cloak)
rCorr   .            (gloves unavailable)
SInv    .            (boots unavailable)
Will    .....        (no amulet)
Stlth   +            (no ring)
HPRegen 1.05/turn    (no ring)
MPRegen 0.07/turn

%: no teleportation
@: no status effects
A: large, unfitting armour, claws 3, regeneration 1, shaggy fur 1, tough skin 1
a: Renounce Religion, Berserk, Trog's Hand


You were in the Dungeon.
You worshipped Trog.
Trog was most pleased with you.
You visited 1 branch

Inventory:

Armour
 a - a +0 animal skin (worn)
Scrolls
 g - a scroll of blinking
 i - 2 scrolls of vulnerability
 j - a scroll of summoning
Potions
 b - a potion of curing
 c - a potion of heal wounds
 d - a potion of haste
 e - 4 potions of magic
 f - 3 potions of berserk rage
 h - 2 potions of invisibility


   Skills:
 + Level 3.2 Fighting
 + Level 3.1 Dodging
 + Level 3.8 Unarmed Combat


You had one spell level left.
You didn't know any spells.
Your spell library was empty.

Dungeon Overview and Level Annotations

Branches:
Dungeon (1/1)

Altars:
Ashenzari
Cheibriados
Dithmenos
Elyvilon
Fedhas
Gozag
Hepliaklqana
Kikubaaqudgha
Makhleb
Nemelex Xobeh
Okawaru
Qazlal
Ru
Sif Muna
Trog
Uskayaw
Vehumet
Wu Jian
Xom
Yredelemnul
Zin
The Shining One
Jiyva
Lugonu


Innate Abilities, Weirdness & Mutations

You are too large for most types of armour.
You have claws for hands.
Your natural rate of healing is unusually fast.
You are covered in fur. (AC +1)
You have tough skin. (AC +1)


Message History

You barely miss the quokka zombie.
The quokka zombie is heavily damaged.
The jackal skeleton closely misses you. The quokka zombie barely misses you.
Something hits you but does no damage.
You closely miss the quokka zombie.
The quokka zombie is heavily damaged.
The jackal skeleton bites you but does no damage.
You claw the quokka zombie!
You destroy the quokka zombie!
Trog accepts your kill. Something hits you. Something shocks you.
The jackal skeleton bites you but does no damage.
You scratch the jackal skeleton.
The jackal skeleton is moderately damaged.
Something hits you. Something shocks you.
The jackal skeleton bites you but does no damage.
You are too injured to fight recklessly!
You are too injured to fight recklessly!
You are too injured to fight recklessly!
You are too injured to fight recklessly!
You are too injured to fight recklessly!
You are too injured to fight recklessly!
You are too injured to fight recklessly!
You are too injured to fight recklessly!
You are too injured to fight recklessly!
You scratch the jackal skeleton but do no damage.
The jackal skeleton is moderately damaged.
Something hits you but does no damage.
The jackal skeleton completely misses you.
You barely miss the jackal skeleton.
The jackal skeleton is moderately damaged.
The jackal skeleton barely misses you. Something hits you.
Something shocks you.
* * * LOW HITPOINT WARNING * * *
You barely miss something. The jackal skeleton bites you.
* * * LOW HITPOINT WARNING * * *
Something hits you.
* * * LOW HITPOINT WARNING * * *
Something shocks you.
You die...

##########.##..........
#..........)'..........
#+#####'#####......#..#
#..#..# #..........
#..)..# ####'#####+
#..#### #.......#
#..#..# #.......#
#..#{.# #.......#
##'#@.#+###...<...#
#....Z...##.......#
#........##.......#
###########.......#
#########


You could see a jackal skeleton.

Vanquished Creatures
  An orc (D)
  A bat (D)
  2 bat skeletons (D)
  A goblin (D)
  A hobgoblin (D)
  A frilled lizard (D)
  A quokka zombie (D)
8 creatures vanquished.

Notes
Turn   | Place    | Note
-------+----------+-------------------------------------------
     0 | D        | sircluck the Troll Berserker began the quest for the Orb.
     0 | D        | Reached XP level 1. HP: 22/22 MP: 0/0
    24 | D        | Noticed a jumping spider
    56 | D        | Found a bloodstained altar of Trog.
    56 | D        | Found a shimmering blue altar of Sif Muna.
    56 | D        | Found a viscous altar of Jiyva.
    56 | D        | Found a hazy altar of Hepliaklqana.
    56 | D        | Found an opulent altar of Gozag.
    57 | D        | Found a glowing golden altar of the Shining One.
    57 | D        | Found a glowing silver altar of Zin.
    57 | D        | Found a basalt altar of Yredelemnul.
    57 | D        | Found a shimmering altar of Xom.
    57 | D        | Found an ornate altar of the Wu Jian Council.
    57 | D        | Found a sacrificial altar of Ru.
    57 | D        | Found a stormy altar of Qazlal.
    57 | D        | Found an iron altar of Okawaru.
    57 | D        | Found a sparkling altar of Nemelex Xobeh.
    57 | D        | Found a burning altar of Makhleb.
    57 | D        | Found a blossoming altar of Fedhas.
    57 | D        | Found a white marble altar of Elyvilon.
    57 | D        | Found a shadowy altar of Dithmenos.
    57 | D        | Found a snail-covered altar of Cheibriados.
    61 | D        | Found a corrupted altar of Lugonu.
    61 | D        | Found a radiant altar of Vehumet.
    62 | D        | Found a broken altar of Ashenzari.
    62 | D        | Found an ancient bone altar of Kikubaaqudgha.
    62 | D        | Found a hide-covered altar of Uskayaw.
    95 | D        | Reached ** piety under Trog
   106 | D        | Reached XP level 2. HP: 31/31 MP: 1/1
   113 | D        | Reached *** piety under Trog
   114 | D        | Noticed a sky beast
   123 | D        | Slain by a sky beast

Illustrated notes

Levels and vault maps discovered:
D:        pitsprint [storerooms_1, entrance_room_1, metal_vault_3, armoury_2,
          mini_pit_1, grid_room_1, main_hall_1, silver_pit, the_coven_1,
          the_vestibule_1, steel_vault_3, golden_pit, hallway_of_sentries,
          crystal_vault_2, iron_vault_3, final_vault]

Skill      XL: |  1 |
---------------+----+-----
Fighting       | 3 |  3.2
Dodging        | 3 |  3.1
Unarmed Combat | |  3.8

Action                     || total
---------------------------++-------
  Melee: Unarmed           ||    22
 Armour: Animal skin       ||    23
  Dodge: Dodged            ||     8

Table legend: (Time is in decaauts)
 A = Elapsed time spent in this place.
 B = Non-inter-level travel time spent in this place.
 C = Inter-level travel time spent in this place.
 D = Time resting spent in this place.
 E = Time spent auto-exploring this place.
 F = Levels seen in this place.
 G = Mean time per level.
                   A        B        C        D        E       F      G
               +--------+--------+--------+--------+--------+-----+--------+
         Total |    121 |    121 |      0 |      0 |     35 |   1 |  121.0 |
       Dungeon |    121 |    121 |      0 |      0 |     35 |   1 |  121.0 |
               +--------+--------+--------+--------+--------+-----+--------+

Top non-repeatable levels by time:
       D: 121 daAuts
